 Dungeon Crawl Stone Soup version 0.20.1-1-g8b1a95d (webtiles) character file.

25 straycat the Vexing (level 2, -1/22 HPs)
             Began as a Vampire Wanderer on July 17, 2017.
             Slain by an adder (4 damage)
             ... on level 2 of the Dungeon on July 19, 2017.
             The game lasted 00:08:31 (1555 turns).

straycat the Vexing (Vampire Wanderer)              Turns: 1555, Time: 00:08:32

Health: -1/22      AC:  2    Str:  8    XL:     2   Next: 82%
Magic:  5/6        EV: 11    Int: 13    God:
Gold:   37         SH:  0    Dex: 17    Spells: 5/7 levels left

rFire    . . .     SeeInvis +   e - +0 dagger
rCold    + . .     Gourm    .   (no shield)
rNeg     + + .     Faith    .   d - +0 robe
rPois    +         Spirit   .   (no helmet)
rElec    .         Reflect  .   (no cloak)
rCorr    .         Harm     .   (no gloves)
MR       .....                  (no boots)
Stlth    +++.......             (no amulet)
Regen    0.1/turn               (no ring)
MPRegen  0.1/turn               (no ring)

@: regenerating slowly
A: fangs 3, see invisible, unbreathing
a: no special abilities


You were on level 2 of the Dungeon.
You were thirsty.

You visited 1 branch of the dungeon, and saw 2 of its levels.

You collected 37 gold pieces.

Inventory:

Hand Weapons
 e - a +0 dagger (weapon)
 h - a +0 hunting sling
Missiles
 j - 30 stones (quivered)
 k - 19 arrows
 m - 8 curare-tipped needles
Armour
 d - a +0 robe (worn)
Scrolls
 g - a scroll of enchant weapon {unknown}
 i - 2 scrolls of identify {unknown}
 l - a scroll of teleportation {unknown}
Potions
 f - 8 potions of blood
 n - a potion of degeneration {unknown}
 o - a potion of cancellation {unknown}
Books
 a - a book of Maledictions

   Spells                             Type                      Level
   a - Corona                         Hexes                        1
   b - Ensorcelled Hibernation        Hexes/Ice                    2
   c - Confuse                        Hexes                        3
   d - Tukima's Dance                 Hexes                        3
   e - Dazzling Spray                 Conjuration/Hexes            3
 b - the Compendium of the Escort

   Spells                             Type                      Level
   a - Summon Butterflies             Summoning                    1
   b - Call Canine Familiar           Summoning                    3
 c - the Volume of Bewitchment

   Spells                             Type                      Level
   a - Ensorcelled Hibernation        Hexes/Ice                    2
   b - Slow                           Hexes                        2


   Skills:
 * Level 2.2 Fighting
 - Level 3.0 Stealth
 - Level 3.0 Spellcasting
 - Level 3.0 Hexes
   Level 1.0 Earth Magic
   Level 1.7 Poison Magic


You had 5 spell levels left.
You knew the following spells:

 Your Spells              Type           Power        Failure   Level  Hunger
a - Corona                Hex            #......      7%          1    #......
b - Summon Butterflies    Summ           #.......     22%         1    #......


Dungeon Overview and Level Annotations

Branches:
Dungeon (2/15)

Altars:


Innate Abilities, Weirdness & Mutations

You heal slowly.
You have razor-sharp teeth.
You have supernaturally acute eyesight. (SInv)
You can survive without breathing.


Message History

You hit the adder but do no damage.
The adder is moderately wounded.
The adder bites you.
You hit the adder.
The adder is heavily wounded.
The adder completely misses you.
You barely miss the adder. Your bite misses the adder.
The adder is heavily wounded.
You feel sick.
You are no longer poisoned.
The adder bites you but does no damage.
Casting: Corona
Confirm with . or Enter, or press ? or * to list all spells.
Aiming: Corona
Press: ? - help, Shift-Dir - straight line, f/p - adder
Aim: an adder (heavily wounded, chance to defeat MR: 52%)
The adder is outlined in light.
The adder bites you.
* * * LOW HITPOINT WARNING * * *
The adder bites you.
You die...

. .. #.#.....#.# ..
## #.##.......#.#.
.#. ..#..........#
..###.##.........#
##.$#..#.####....#
#[⌠⌠.#.#.####.###..
#.⌠l[#........# ###
....#?S##..#######
. ###@...#
#.....####
#....#### #$.. #.#
#


You could see an adder and a frilled lizard.

Vanquished Creatures
  A leopard gecko (D:1)
  A giant cockroach (D:1)
  3 hobgoblins
  A kobold (D:1)
  6 bats (D:1)
  6 goblins
  3 rats (D:1)
21 creatures vanquished.

Notes
Turn   | Place    | Note
-------+----------+-------------------------------------------
     0 | D:1      | straycat the Vampire Wanderer began the quest for the Orb.
     0 | D:1      | straycat set off with: a book of Maledictions, the Compendium of the Escort, the Volume of Bewitchment, a +0 robe, a +0 dagger, a potion of blood
     0 | D:1      | Reached XP level 1. HP: 13/13 MP: 4/4
     0 | D:1      | Identified the Compendium of the Escort
     0 | D:1      | Identified the Volume of Bewitchment
     2 | D:1      | Learned a level 1 spell: Corona
     4 | D:1      | Learned a level 1 spell: Summon Butterflies
   318 | D:1      | Reached skill level 1 in Fighting
   492 | D:1      | Reached XP level 2. HP: 10/21 MP: 4/6
  1555 | D:2      | Slain by an adder

Skill      XL: |  1  2 |
---------------+-------+-----
Fighting       | 1 2 |  2.2
Stealth        | |  3.0
Spellcasting   | |  3.0
Hexes          | |  3.0
Earth Magic    | |  1.0
Poison Magic   | |  1.7

Action                   || total
-------------------------++-------
Melee: Dagger            ||    82
       Bite              ||     6
 Cast: Summon Butterflie ||     5
       Corona            ||    12
 Stab: Sleeping          ||     6
  Eat: Corpse            ||     1
Armor: Robe              ||    27
Dodge: Dodged            ||    65
